 Dungeon Crawl Stone Soup version 0.20.0 (webtiles) character file.

7819 BarneyGumball the Grappler (level 11, -7/94 HPs)
             Began as a Troll Monk on May 28, 2017.
             Was a High Priest of Okawaru.
             Engulfed by a fire crab (shapeshifter)'s flame (30 damage)
             ... on level 10 of the Dungeon.
             The game lasted 00:36:50 (8456 turns).

BarneyGumball the Grappler (Troll Monk)             Turns: 8456, Time: 00:36:50

Health: -7/94      AC:  7    Str: 24    XL:     11   Next: 1%
Magic:  9/10       EV: 17    Int:  6    God:    Okawaru [*****.]
Gold:   506        SH:  0    Dex: 12    Spells: 10/10 levels left

rFire    . . .     SeeInvis .     - Unarmed
rCold    + . .     Gourm    +   (no shield)
rNeg     . . .     Faith    .   a - +0 robe
rPois    .         Spirit   .   M - +0 hat
rElec    .         Reflect  .   y - +1 cloak
rCorr    .         Harm     .   (gloves unavailable)
MR       .....                  (boots unavailable)
Stlth    ++........             (no amulet)
Regen    0.7/turn               B - ring of loudness (curse)
MPRegen  0.2/turn               A - ring of protection from cold

@: heroism
A: unfitting armour, claws 3, fast metabolism 3, gourmand, regeneration 1,
shaggy fur 1, tough skin 2
a: Heroism, Finesse, Renounce Religion


You were on level 10 of the Dungeon.
You worshipped Okawaru.
Okawaru was extremely pleased with you.
You were full.

You visited 2 branches of the dungeon, and saw 11 of its levels.
You also visited: Sewer and Ossuary.

You collected 506 gold pieces.

Inventory:

Hand Weapons
 p - the +3 hand axe "Imp's Doom" {chop, rElec rF- rN+ Int+2 Dex-3}
   (You found it on level 8 of the Dungeon)

   It inflicts extra damage upon your enemies.
   It affects your intelligence (+2).
   It affects your dexterity (-3).
   It makes you vulnerable to fire.
   It insulates you from electricity.
   It protects you from negative energy.
Armour
 a - a +0 robe (worn)
 y - a +1 cloak (worn)
 M - a +0 hat (worn)
Jewellery
 A - a ring of protection from cold (right claw)
 B - a cursed ring of loudness (left claw)
Wands
 z - a wand of enslavement (18/24)
 C - a wand of flame (30/48)
 E - a wand of confusion (32/48)
 F - a wand of flame (12/48)
 G - a wand of iceblast (7/15)
Scrolls
 d - 6 scrolls of teleportation
 e - 5 scrolls of remove curse
 f - a scroll of magic mapping
 g - a scroll of identify
 h - 2 scrolls of random uselessness
 i - 2 scrolls of fear
 j - 7 scrolls of enchant weapon
 l - 4 scrolls of amnesia
 H - a scroll of enchant armour
 N - a scroll of blinking
 O - a scroll of immolation
Potions
 c - 4 potions of heal wounds
 m - 2 potions of lignification
 n - 11 potions of agility
 o - a potion of brilliance {unknown}
 q - 5 potions of flight
 r - 5 potions of curing
 t - 2 potions of magic
 u - 2 potions of cancellation
 v - a potion of resistance {unknown}
 w - a potion of might {unknown}
 D - a potion of haste
 K - a potion of mutation {unknown}
Books
 x - a book of Frost

   Spells                             Type                      Level
   a - Freeze                         Ice                          1
   b - Throw Frost                    Conjuration/Ice              2
   c - Ozocubu's Armour               Charms/Ice                   3
   d - Throw Icicle                   Conjuration/Ice              4
   e - Summon Ice Beast               Ice/Summoning                4
 L - the Handbook of Weirdness
   (You found it on level 9 of the Dungeon)

   Spells                             Type                      Level
   a - Sting                          Conjuration/Poison           1
   b - Throw Frost                    Conjuration/Ice              2
   c - Poisonous Vapours              Poison/Air                   2
   d - Ignite Poison                  Fire/Transmutation/Poison    3
   e - Spider Form                    Transmutation/Poison         3
   f - Venom Bolt                     Conjuration/Poison           5
Miscellaneous
 J - a phial of floods
Comestibles
 b - 13 bread rations
 k - 4 meat rations
 s - 2 royal jellies
 I - a fruit


   Skills:
 - Level 2.4(7.4) Fighting
 + Level 8.1(13.1) Dodging
 - Level 1.0(6.0) Stealth
 * Level 14.1(19.1) Unarmed Combat


You had 10 spell levels left.
You didn't know any spells.

Dungeon Overview and Level Annotations

Branches:
Dungeon (10/15)            Temple (1/1) D:6            Lair (0/6) D:10
    Orc: D:9-12

Altars:
Cheibriados
Dithmenos
Elyvilon
Fedhas
Gozag
Hepliaklqana
Kikubaaqudgha
Makhleb
Nemelex Xobeh
Okawaru
Qazlal
Ru
Sif Muna
Trog
Uskayaw
Vehumet
Xom
Zin
The Shining One

Shops:
D:8 [   D:10 [

Annotations:
D:5 Prince Ribbit


Innate Abilities, Weirdness & Mutations

You are too large for most types of armour.
You have claws for hands.
Your metabolism is lightning-fast.
You like to eat raw meat.
Your natural rate of healing is unusually fast.
You are covered in fur. (AC +1)
You have very tough skin. (AC +2)


Message History

You claw the fire crab!
The fire crab is almost dead.
You are engulfed in blazing flames.
* * * LOW HITPOINT WARNING * * *
You barely miss the fire crab.
The fire crab is almost dead.
You are engulfed in blazing flames.
* * * LOW HITPOINT WARNING * * *
The fire crab breathes flames at you. The blast of flame misses you.
You scratch the fire crab but do no damage.
You claw the fire crab, but do no damage.
The fire crab is almost dead.
You are engulfed in blazing flames.
* * * LOW HITPOINT WARNING * * *
The fire crab breathes flames at you. The blast of flame engulfs you!
* * * LOW HITPOINT WARNING * * *
You feel much better.
You are engulfed in blazing flames.
You die...

#.# #.# #.# #.#
#.# #.# #.####.#
##
..#.##.###%.######
###.....#8...⌠.⌠.#
......>##.|...§§§#
#.......#8...⌠§t§#
#.......# #@#
..#.##### ####§#
#.#.# #.#§§# #.#.#
#§..## ....# #.###
#...# #.# #...#
#.# #...# #.#
#...# #.#


You could see a fire crab.

Vanquished Creatures
  Josephine (D:10)
  A two-headed ogre (D:10)
  A gargoyle (D:10)
  A troll (D:10)
  Grinder (D:6)
  3 yaks (D:10)
  2 wyverns
  5 wraiths
  Grum (D:8)
  2 hell hounds (D:10)
  2 orc warriors (D:10)
  A sky beast (D:8)
  2 ice beasts
  2 black bears
  A phantom (D:6)
  5 ogres
  4 centaurs
  2 wolves (D:8)
  6 big kobolds
  Blork the orc (D:5)
  A gnoll sergeant (D:5)
  5 bullfrogs
  3 scorpions
  2 wights (Ossuary)
  A howler monkey (D:9)
  An electric eel (D:9)
  3 crimson imps
  4 hounds
  A bullfrog skeleton (D:4)
  A jelly (D:6)
  An orc priest (D:10)
  A gnoll shaman (D:4)
  Jessica (D:2)
  An iguana (D:9)
  2 orc wizards (D:10)
  14 worker ants
  A hound skeleton (D:6)
  A mummy (D:4)
  A howler monkey zombie (D:6)
  A worker ant zombie (D:7)
  3 gnolls (D:5)
  A howler monkey skeleton (D:7)
  9 adders
  3 shadow imps
  An adder skeleton (D:5)
  2 adder zombies
  3 worms (D:4)
  12 dart slugs
  9 leopard geckos
  22 orcs
  7 bats
  5 giant cockroaches
  11 hobgoblins
  6 jackals
  7 quokkas
  4 ball pythons
  2 ball python skeletons (Ossuary)
  6 frilled lizards
  A goblin (D:3)
  2 hobgoblin skeletons (Ossuary)
  A hobgoblin zombie (Ossuary)
  A jackal skeleton (D:4)
  22 kobolds
  A kobold zombie (Ossuary)
  A leopard gecko skeleton (D:4)
  An orc skeleton (Ossuary)
  An orc zombie (Ossuary)
  A quokka zombie (D:9)
  6 rats
241 creatures vanquished.

Notes
Turn   | Place    | Note
-------+----------+-------------------------------------------
     0 | D:1      | BarneyGumball the Troll Monk began the quest for the Orb.
     0 | D:1      | Reached XP level 1. HP: 22/22 MP: 0/0
    97 | D:1      | Reached XP level 2. HP: 29/29 MP: 1/1
   538 | D:2      | Reached skill level 4 in Unarmed Combat
   542 | D:2      | Reached XP level 3. HP: 36/36 MP: 2/2
   935 | D:2      | Noticed Jessica
   941 | D:2      | Killed Jessica
   941 | D:2      | Reached skill level 5 in Unarmed Combat
   941 | D:2      | Reached XP level 4. HP: 38/44 MP: 3/3
  1352 | D:3      | Reached XP level 5. HP: 50/50 MP: 4/4
  1433 | D:3      | Found a glowing drain.
  1440 | D:3      | Reached skill level 6 in Unarmed Combat
  1455 | Sewer    | Entered a sewer
  1614 | Sewer    | Reached skill level 7 in Unarmed Combat
  1614 | Sewer    | Reached XP level 6. HP: 57/59 MP: 5/5
  2128 | D:4      | Reached XP level 7. HP: 66/66 MP: 6/6
  2145 | D:4      | Found a sand-covered staircase.
  2159 | Ossuary  | Entered an ossuary
  2249 | Ossuary  | Noticed a wraith
  2249 | Ossuary  | Noticed a flying skull
  2255 | Ossuary  | Noticed a flying skull
  2259 | Ossuary  | Noticed a flying skull
  2280 | Ossuary  | Noticed a flying skull
  2281 | Ossuary  | Noticed a flying skull
  2309 | Ossuary  | Reached skill level 8 in Unarmed Combat
  2323 | Ossuary  | Noticed a wraith
  2331 | Ossuary  | Killed a wraith
  2363 | Ossuary  | Noticed a wraith
  2374 | Ossuary  | Killed a wraith
  2803 | D:4      | Reached skill level 9 in Unarmed Combat
  2865 | D:4      | Reached XP level 8. HP: 72/74 MP: 7/7
  3217 | D:5      | Entered Level 5 of the Dungeon
  3218 | D:5      | Noticed Blork the orc
  3237 | D:5      | Killed Blork the orc
  3862 | D:5      | Reached skill level 10 in Unarmed Combat
  3877 | D:5      | Noticed Prince Ribbit
  4218 | D:6      | Reached skill level 5 in Dodging
  4392 | D:6      | Found a staircase to the Ecumenical Temple.
  4401 | Temple   | Entered the Ecumenical Temple
  4436 | Temple   | Became a worshipper of Warmaster Okawaru
  4436 | Temple   | Reached * piety under Okawaru
  4436 | Temple   | Reached ** piety under Okawaru
  4789 | D:6      | Noticed Grinder
  4799 | D:6      | Killed Grinder
  4799 | D:6      | Reached XP level 9. HP: 60/80 MP: 8/8
  4979 | D:6      | You fall through a shaft for 2 floors!
  4979 | D:8      | Found Ecoxkolann's Antique Armour Shop.
  4987 | D:8      | Reached skill level 11 in Unarmed Combat
  5181 | D:8      | Got a crystal hand axe
  5192 | D:8      | Noticed Grum
  5205 | D:8      | Killed Grum
  5790 | D:7      | Reached *** piety under Okawaru
  5968 | D:8      | Reached skill level 12 in Unarmed Combat
  6002 | D:8      | Identified the +3 hand axe "Imp's Doom" {chop, rElec rF- rN+ Int+2 Dex-3} (You found it on level 8 of the Dungeon)
  6624 | D:9      | Reached XP level 10. HP: 88/88 MP: 9/9
  6978 | D:9      | Identified the Handbook of Weirdness
  7195 | D:10     | Entered Level 10 of the Dungeon
  7216 | D:10     | Reached **** piety under Okawaru
  7409 | D:10     | Noticed a gargoyle
  7441 | D:10     | Killed a gargoyle
  7441 | D:10     | Reached skill level 13 in Unarmed Combat
  7536 | D:10     | Found a staircase to the Lair.
  7656 | D:10     | Found Qyipaung's Antique Armour Boutique.
  7766 | D:10     | Reached ***** piety under Okawaru
  7879 | D:10     | Noticed a two-headed ogre
  7898 | D:10     | Killed a two-headed ogre
  8364 | D:10     | Noticed Josephine
  8380 | D:10     | Killed Josephine
  8380 | D:10     | Reached skill level 14 in Unarmed Combat
  8380 | D:10     | Reached XP level 11. HP: 69/94 MP: 7/10
  8442 | D:10     | Noticed a fire crab
  8455 | D:10     | HP: 4/94 [fire crab (shapeshifter)] (8)]
  8455 | D:10     | HP: 1/94 [fire crab (shapeshifter)/blast of flame (3)]
  8456 | D:10     | Engulfed by a fire crab (shapeshifter)'s flame

Skill      XL: |  1  2  3  4  5  6  7  8  9 10 |
---------------+-------------------------------+-----
Unarmed Combat | 4 5 7 9 10 12 14 | 14.1
Dodging        | 3 4 5 6 8 |  8.1
Fighting       | |  2.4
Stealth        | |  1.0

Action                   |  1- 3 |  4- 6 |  7- 9 | 10-12 || total
-------------------------+-------+-------+-------+-------++-------
Melee: Unarmed           |    76 |   129 |   345 |   137 ||   687
       Punch             |       |     6 |    22 |    14 ||    42
Invok: Heroism           |       |       |     1 |     3 ||     4
  Use: Scroll            |       |       |    17 |     4 ||    21
       Potion            |       |       |       |     4 ||     4
 Stab: Sleeping          |     2 |     1 |     7 |       ||    10
       Distracted        |       |     1 |       |       ||     1
  Eat: Chunk             |    14 |     7 |    46 |    13 ||    80
Armor: Robe              |    24 |    39 |    70 |    19 ||   152
Dodge: Dodged            |    24 |    48 |   143 |    62 ||   277
